 Dungeon Crawl Stone Soup version 0.30-a0-1093-gcfb1e0cf12 (webtiles) character file.

Game seed: 2222198611529172267

41 KristoblXynda the Sneak (level 3, -2/27 HPs)
             Began as a Vampire Brigand on Apr 17, 2023.
             Slain by an orc
             ... wielding a +0 hand axe
              (5 damage)
             ... on level 3 of the Dungeon.
             The game lasted 00:01:57 (1553 turns).

KristoblXynda the Sneak (Vampire Brigand)           Turns: 1553, Time: 00:01:58

Health: -2/27      AC:  3    Str: 18    XL:     3   Next: 32%
Magic:  3/3        EV: 12    Int: 13    God:
Gold:   99         SH:  0    Dex: 15    Spells: 2/2 levels left

rFire   . . .      SeeInvis +    a - +2 dagger
rCold   . . .      Faith    .    (no shield)
rNeg    . . .      Spirit   .    b - +0 robe
rPois   .          Reflect  .    (no helmet)
rElec   .          Rampage  .    c - +0 cloak
rCorr   .                        (no gloves)
Will    .....                    (no boots)
Stlth   +++                      (no amulet)
HPRegen 0.44/turn                g - +6 ring of strength
MPRegen 0.08/turn                (no ring)

@: healing quickly
A: alive, fangs 3, see invisible, vampiric 2
a: Exsanguinate


You were on level 3 of the Dungeon.
You visited 1 branch of the dungeon, and saw 3 of its levels.

You collected 99 gold pieces.

Inventory:

Hand Weapons
 a - a +2 dagger (weapon)
Missiles
 d - 3 poisoned darts (quivered)
 e - 3 curare-tipped darts
Armour
 b - a +0 robe (worn)
 c - a +0 cloak (worn)
Jewellery
 g - a +6 ring of strength (left hand)
Scrolls
 f - a scroll of acquirement {unknown}
 h - 2 scrolls of magic mapping {unknown}
 i - a scroll of enchant weapon {unknown}
 m - a scroll of immolation {unknown}
 n - a scroll of torment {unknown}
 o - 3 scrolls of teleportation
 p - a scroll of amnesia {unknown}
Potions
 l - 4 potions of curing
 q - a potion of heal wounds


   Skills:
 + Level 2.2 Fighting
 + Level 2.8 Short Blades
 - Level 1.5 Throwing
 + Level 2.0 Dodging
 + Level 6.3 Stealth


You had 2 spell levels left.
You didn't know any spells.
Your spell library contained the following spells:

 Spells                   Type           Power      Damage    Failure   Level
 Gell's Gravitas          Tloc           0%         N/A       67%         3
 Teleport Other           Tloc           0%         N/A       67%         3
 Dispersal                Tloc           0%         N/A       100%        6


Dungeon Overview and Level Annotations

Branches:
Dungeon (3/15)

Altars:
Sif Muna


Innate Abilities, Weirdness & Mutations

Your natural rate of healing is accelerated.
You have razor-sharp teeth.
You have supernaturally acute eyesight. (SInv)
You are afflicted with vampirism and can become a bat while bloodless.


Message History

Unknown command.
You hit the orc.
The orc is heavily wounded.
Throw: 6 darts (poison)
Press: ? - help, Q - select action, (/) - cycle Shift-Dir - straight line, f/p - orc
Aim: an orc, wielding a +0 club and wearing a +0 ring mail (heavily wounded, 63% to hit)
You throw a poisoned dart. The poisoned dart hits the orc.
The orc is poisoned.
The orc is heavily wounded.
The orc hits you with a +0 club.
You hit the orc.
You kill the orc!
Your Dodging skill increases to level 2!
You hit the orc but do no damage. The orc closely misses you.
You hit the orc.
The orc is lightly wounded.
The orc barely misses you.
Throw: 5 darts (poison)
Press: ? - help, Q - select action, (/) - cycle Shift-Dir - straight line, f - orc
Aim: an orc, wielding a +0 hand axe and wearing a +0 leather armour (lightly wounded, 59% to hit)
You throw a poisoned dart. The poisoned dart hits the orc.
The orc is poisoned.
The orc is lightly wounded.
The orc hits you with a +0 hand axe.
* * * LOW HITPOINT WARNING * * *
You are too injured to fight recklessly!
The orc attacks as you move away! The orc hits you with a +0 hand axe.
* * * LOW HITPOINT WARNING * * *
The orc attacks as you move away! The orc barely misses you.
The bat barely misses you. The bat attacks as you move away!
The bat hits you but does no damage. x2
Throw: 4 darts (poison)
Press: ? - help, Q - select action, (/) - cycle Shift-Dir - straight line, f/p - orc
Aim: an orc, wielding a +0 hand axe and wearing a +0 leather armour (moderately wounded, poisoned, 59% to hit)
You throw a poisoned dart. The poisoned dart hits the orc.
The orc is moderately wounded.
The bat barely misses you.
The orc looks more healthy.
The bat hits you but does no damage. The orc attacks as you move away!
The orc hits you with a +0 hand axe!
* * * LOW HITPOINT WARNING * * *
The orc attacks as you move away! The orc hits you with a +0 hand axe.
You die...

## ## #.## #.##.###.#
####### ## ##.##.#.##
##~~~~~## #.
###.......# #~~~~~~~#
#.
#...#####(####~~...~~#
#. #.#.#
#.#..'..._.~~# ###
#.#.# #.b.##~~...~~#
+.. #.#.#
#o####~~~~~~~# ###
#...#####@# ##~~~~~##
###.......# #######
###.##### #...# #.#
##'## #.# #.# #.# #.#
#.# ##.## ##.##
##...##
##.#.#########.....#


You could see an orc and a bat.

Vanquished Creatures
  A dart slug (D:2)
  3 orcs (D:3)
  6 endoplasms
  A giant cockroach (D:1)
  2 goblins (D:1)
  5 hobgoblins
  4 jackals (D:2)
  3 ball pythons
  2 bats
  2 frilled lizards (D:1)
  2 rats
31 creatures vanquished.

Notes
Turn   | Place    | Note
-------+----------+-------------------------------------------
     0 | D:1      | KristoblXynda the Vampire Brigand began the quest for the
                  | Orb.
     0 | D:1      | Reached XP level 1. HP: 16/16 MP: 1/1
   193 | D:1      | Reached skill level 6 in Stealth
   224 | D:1      | Reached XP level 2. HP: 22/22 MP: 2/2
   857 | D:2      | Gained mutation: You are afflicted with vampirism and can
                  | become a bat while bloodless. [Vampire growth]
   857 | D:2      | Reached XP level 3. HP: 14/27 MP: 3/3
  1253 | D:2      | Found a faded altar of an unknown god.
  1514 | D:3      | Found a shimmering blue altar of Sif Muna.
  1553 | D:3      | Slain by an orc

Illustrated notes

Levels and vault maps discovered:
D:1:      mrwooster_arrival_statue, layout_basic
D:2:      layout_rooms, nicolae_ecumenical_lake_church
D:3:      layout_loops_corners, led_sif_pool, nicolae_uskayaw_en_pointe,
          uniq_ijyb

Skill      XL: |  1  2  3 |
---------------+----------+-----
Stealth        | 6 |  6.3
Fighting       | 2 |  2.2
Dodging        | 2 |  2.0
Short Blades   | |  2.8
Throwing       | |  1.5

Action                     || total
---------------------------++-------
  Melee: Dagger            ||    69
         Bite              ||     7
         Punch             ||     1
  Throw: Dart              ||     9
    Use: Scroll            ||     5
   Stab: Sleeping          ||     7
 Armour: Robe              ||    20
  Dodge: Dodged            ||    47

Table legend: (Time is in decaauts)
 A = Elapsed time spent in this place.
 B = Non-inter-level travel time spent in this place.
 C = Inter-level travel time spent in this place.
 D = Time resting spent in this place.
 E = Time spent auto-exploring this place.
 F = Levels seen in this place.
 G = Mean time per level.
                   A        B        C        D        E       F      G
               +--------+--------+--------+--------+--------+-----+--------+
         Total |   1544 |   1492 |     52 |    128 |   1144 |   3 |  514.7 |
       Dungeon |   1544 |   1492 |     52 |    128 |   1144 |   3 |  514.7 |
               +--------+--------+--------+--------+--------+-----+--------+

Top non-repeatable levels by time:
     D:1: 742 daAuts
     D:2: 638 daAuts
     D:3: 163 daAuts
